 Dungeon Crawl Stone Soup version 0.29-a0-839-g4793fd635e (webtiles) character file.

Game seed: 474387213809605487

76 BritishOli the Trooper (level 4, 0/37 HPs)
             Began as a Demonspawn Fighter on July 14, 2022.
             Slain by an orc
             ... wielding a +0 trident
              (6 damage)
             ... on level 3 of the Dungeon.
             The game lasted 00:02:12 (1989 turns).

BritishOli the Trooper (Demonspawn Fighter)         Turns: 1989, Time: 00:02:12

Health: 0/37       AC:  7    Str: 18    XL:     4   Next: 12%
Magic:  4/4        EV:  6    Int: 10    God:
Gold:   136        SH:  4    Dex: 12    Spells: 3/3 levels left

rFire   . . .      SeeInvis .   a - +0 long sword
rCold   . . .      Faith    .   c - +0 buckler
rNeg    . . .      Spirit   .   b - +0 scale mail
rPois   .          Reflect  .   (no helmet)
rElec   .          Harm     .   p - +0 cloak
rCorr   .          Rampage  .   (no gloves)
Will    .....                   (no boots)
Stlth   ..........              (no amulet)
HPRegen 0.12/turn               (no ring)
MPRegen 0.09/turn               (no ring)

@: constricted
A: claws 1, powered by death 2
a: no special abilities


You were on level 3 of the Dungeon.
You visited 1 branch of the dungeon, and saw 3 of its levels.

You collected 136 gold pieces.

Inventory:

Hand Weapons
 a - a +0 long sword (weapon)
Armour
 b - a +0 scale mail (worn)
 c - a +0 buckler (worn)
 o - a scarf of shadows
 p - a +0 cloak (worn)
Jewellery
 h - an amulet of the acrobat
Scrolls
 f - 6 scrolls of identify {unknown}
 j - a scroll of immolation {unknown}
 l - a scroll of noise {unknown}
 n - a scroll of enchant weapon {unknown}
Potions
 d - 4 potions of might
 e - 2 potions of haste {unknown}
 g - a potion of degeneration {unknown}
 i - a potion of ambrosia {unknown}
 k - 2 potions of heal wounds {unknown}
 m - a potion of lignification {unknown}


   Skills:
 * Level 3.6 Fighting
 * Level 2.5 Long Blades
 + Level 3.1 Armour
 + Level 3.2 Shields


You had 3 spell levels left.
You didn't know any spells.
Your spell library was empty.

Dungeon Overview and Level Annotations

Branches:
Dungeon (3/15)

Altars:

Shops:
D:1 =


Innate Abilities, Weirdness & Mutations

You have sharp fingernails.
You regenerate health from kills.


Message History

The orc priest is heavily wounded.
The orc hits you but does no damage. You block the orc priest's attack.
A ball python comes into view.
You slash the orc priest!
You kill the orc priest!
The orc barely misses you.
The orc priest begins to cast a cantrip, but forgets the words! x2
The orc hits you from afar with a +0 trident.
You have reached level 4!
You feel clever.
Your demonic ancestry asserts itself...
The wave of death grows in power.
Found 10 gold pieces.
You block the orc's attack. The orc hits you with a +0 short sword.
You block the orc priest's attack. The orc closely misses you.
You hit the orc priest.
The orc priest is moderately wounded.
The ball python bites you but does no damage.
The ball python grabs you. The ball python constricts you.
The orc hits you but does no damage. You block the orc priest's attack.
The orc hits you from afar with a +0 trident.
The orc closely misses you.
You hit the orc priest.
The orc priest is severely wounded.
The ball python bites you but does no damage.
The ball python constricts you. The orc hits you but does no damage.
The orc hits you from afar with a +0 trident!
The orc barely misses you. The orc priest barely misses you.
The ball python barely misses you. The ball python constricts you.
You closely miss the orc priest.
The orc priest is severely wounded.
The orc hits you with a +0 trident. The orc barely misses you. x2
The orc priest calls down the wrath of Beogh upon you.
Beogh smites you!
* * * LOW HITPOINT WARNING * * *
The ball python bites you.
* * * LOW HITPOINT WARNING * * *
The ball python constricts you. The orc priest barely misses you.
The orc barely misses you. x2
The orc hits you from afar with a +0 trident.
You die...

...$.##.....##
.............##
..............#
..............#
..............#
..............#
.....ooo......#
.......@).....#
......oS?....##
............##
######..#####
#... #.## .. #.
..


You could see an orc priest, 3 orcs and a ball python.

Vanquished Creatures
  An orc priest (D:3)
  An adder (D:2)
  A dart slug (D:2)
  2 endoplasms
  3 giant cockroaches (D:2)
  3 goblins
  5 hobgoblins
  2 jackals (D:2)
  2 quokkas
  A ball python (D:2)
  8 bats
  A frilled lizard (D:1)
  2 kobolds (D:2)
  A rat (D:2)
33 creatures vanquished.

Vanquished Creatures (others)
  7 fungi (D:1)
  2 plants (D:1)
9 creatures vanquished.

Grand Total: 42 creatures vanquished

Notes
Turn   | Place    | Note
-------+----------+-------------------------------------------
     0 | D:1      | BritishOli the Demonspawn Fighter began the quest for the
                  | Orb.
     0 | D:1      | Reached XP level 1. HP: 18/18 MP: 1/1
   380 | D:1      | Gained mutation: You regenerate a little health from kills.
                  | [demonic ancestry]
   380 | D:1      | Reached XP level 2. HP: 24/24 MP: 2/2
   630 | D:1      | Found a faded altar of an unknown god.
   745 | D:1      | Found Intaf's Jewellery Emporium.
  1175 | D:2      | Gained mutation: You have sharp fingernails. [demonic
                  | ancestry]
  1175 | D:2      | Reached XP level 3. HP: 29/29 MP: 3/3
  1986 | D:3      | Gained mutation: You regenerate health from kills. [demonic
                  | ancestry]
  1986 | D:3      | Reached XP level 4. HP: 32/37 MP: 4/4
  1989 | D:3      | Slain by an orc

Illustrated notes

Levels and vault maps discovered:
D:1:      pf_arrival_petrified_forest, layout_basic, serial_shops,
          nicolae_diamond_shop, dreamdust_ecumenical_altar_hidden_monk_grotto
D:2:      layout_basic, basic_altar, kennysheep_big_empty_room
D:3:      layout_rooms, marbit_many_paths, mainiacjoe_overflow_brackets,
          cheibrodos_sewer_entry_bend

Skill      XL: |  1  2 |
---------------+-------+-----
Long Blades    | 2 |  2.5
Shields        | 3 |  3.2
Armour         | 3 |  3.1
Fighting       | |  3.6

Action                   |  1- 3 |  4- 6 || total
-------------------------+-------+-------++-------
Melee: Long sword        |   114 |     3 ||   117
Armor: Scale mail        |    62 |     4 ||    66
Dodge: Dodged            |    83 |    10 ||    93
Block: Buckler           |    29 |     3 ||    32

Table legend: (Time is in decaauts)
 A = Elapsed time spent in this place.
 B = Non-inter-level travel time spent in this place.
 C = Inter-level travel time spent in this place.
 D = Time resting spent in this place.
 E = Time spent auto-exploring this place.
 F = Levels seen in this place.
 G = Mean time per level.
                   A        B        C        D        E       F      G
               +--------+--------+--------+--------+--------+-----+--------+
         Total |   2027 |   1973 |     54 |    263 |   1429 |   3 |  675.7 |
       Dungeon |   2027 |   1973 |     54 |    263 |   1429 |   3 |  675.7 |
               +--------+--------+--------+--------+--------+-----+--------+

Top non-repeatable levels by time:
     D:2: 1206 daAuts
     D:1: 812 daAuts
     D:3: 8 daAuts
